 Dungeon Crawl Stone Soup version 0.30-a0-989-g0d87f670db (webtiles) character file.

Game seed: 12824253246081810078

46 Pimp the Stinger (level 3, -1/24 HPs)
             Began as a Barachi Venom Mage on Apr 3, 2023.
             Slain by Natasha (7 damage)
             ... on level 2 of the Dungeon.
             The game lasted 00:05:16 (1439 turns).

Pimp the Stinger (Barachi Venom Mage)               Turns: 1439, Time: 00:05:17

Health: -1/24      AC:  4    Str:  9    XL:     3   Next: 66%
Magic:  1/6        EV: 12    Int: 17    God:
Gold:   111        SH:  0    Dex: 12    Spells: 4/7 levels left

rFire   . . .      SeeInvis .    e - +0 short sword
rCold   . . .      Faith    .    (no shield)
rNeg    . . .      Spirit   .    a - +2 robe
rPois   .          Reflect  .    (no helmet)
rElec   .          Rampage  .    (no cloak)
rCorr   .                        (no gloves)
Will    .....                    (no boots)
Stlth   ++                       (no amulet)
HPRegen 0.24/turn                (no ring)
MPRegen 0.10/turn                (no ring)

@: about to teleport, slowed, very slow
A: amphibious, slowness 1, strong legs 1, +LOS
a: Hop


You were on level 2 of the Dungeon.
You visited 1 branch of the dungeon, and saw 2 of its levels.

You collected 111 gold pieces.

Inventory:

Hand Weapons
 e - a +0 short sword (weapon)
Missiles
 j - 3 poisoned darts
Armour
 a - a +2 robe (worn)
Jewellery
 c - a ring of see invisible
Scrolls
 b - a scroll of teleportation
 d - a scroll of brand weapon {unknown}
 f - a scroll of blinking {unknown}
 g - a scroll of immolation {unknown}
 h - a scroll of enchant weapon {unknown}


   Skills:
 + Level 0.3 Fighting
 + Level 0.1 Short Blades
 + Level 0.2 Armour
 + Level 2.6 Dodging
 - Level 2.2 Stealth
 + Level 2.6 Spellcasting
 + Level 1.8 Transmutations
 + Level 0.4 Air Magic
 + Level 3.6 Poison Magic


You had 4 spell levels left.
You knew the following spells:

 Your Spells              Type           Power      Damage    Failure   Level
a - Sting                 Tmut/Pois      44%        1d5       6%          1
b - Poisonous Vapours     Pois/Air       18%        N/A       12%         2

Your spell library contained the following spells:

 Spells                   Type           Power      Damage    Failure   Level
 Mephitic Cloud           Conj/Pois/Air  6%         N/A       30%         3
 Olgreb's Toxic Radiance  Pois           14%        N/A       38%         4


Dungeon Overview and Level Annotations

Branches:
Dungeon (2/15)

Altars:

Annotations:
D:2 1 runed translucent door, Crazy Yiuf, Natasha, Robin


Innate Abilities, Weirdness & Mutations

You are amphibious.
You cover ground slowly.
You can hop short distances.
You have an extended range of vision and can be seen from far away.


Message History

Aiming: Poisonous Vapours (safe; 12% risk of failure)
Press: ? - help, Dir - move target, f/p - Natasha
Aim: Natasha (lightly wounded, poisoned) Poisonous vapours surround Natasha!
Natasha looks even sicker.
Natasha claws you!
You barely miss Natasha.
Natasha is moderately wounded.
Natasha claws you.
* * * LOW HITPOINT WARNING * * *
Unknown command.
You barely miss Natasha.
Natasha is moderately wounded.
Natasha claws you but does no damage.
You aren't carrying any potions.
Unknown command.
You aren't carrying any potions.
You closely miss Natasha.
Natasha is moderately wounded.
Natasha casts a spell at you.
You feel yourself slow down.
As you read the scroll of enchant armour, it crumbles to dust.
Your +1 robe glows green for a moment.
Natasha stares at you and mumbles some strange words.
You resist with significant effort. Natasha completely misses you.
You hit Natasha but do no damage.
Natasha is heavily wounded.
Natasha mumbles some strange words.
Casting: Poisonous Vapours (safe; 12% risk of failure)
Confirm with . or Enter, or press ? or * to list all spells.
You don't have enough magic to cast this spell.
You aren't carrying any potions.
As you read the scroll labelled ILYAFI XILATEM, it crumbles to dust.
You feel strangely unstable.
It was a scroll of teleportation.
Natasha misses you. The crimson imp hits you.
* * * LOW HITPOINT WARNING * * *
Natasha misses you.
You hit Natasha.
Natasha is heavily wounded.
The crimson imp blinks!
Natasha claws you!
You die...

g..........#.#
###.#####
#........#...#
#...##...
#.#########.##
#.#.#...# #.# #.#
####....# ##g#
#.# #....# .g#
#†# #P...# #.#
#.# #.PP## #g#
#h# ##.## #.# #@#
#.## #.#### #§#
##.# #..g.#
#.#### #.##
#.##.# #.5..#
##.# #.##.#
######.# #+#
#.##g####.## #.#
... #.....g.g.>#
#.# #...#
####.####.####.##
#..)# #.#
#.###.#.### #####


You could see Natasha (poisoned) and a crimson imp (summoned).

Vanquished Creatures
  An adder (D:2)
  2 endoplasms
  A giant cockroach (D:1)
  5 goblins
  6 hobgoblins
  3 jackals (D:1)
  3 kobolds (D:1)
  5 ball pythons
  4 bats (D:1)
  A frilled lizard (D:1)
  2 rats
33 creatures vanquished.

Vanquished Creatures (others)
  A fungus (D:2)
1 creature vanquished.

Grand Total: 34 creatures vanquished

Notes
Turn   | Place    | Note
-------+----------+-------------------------------------------
     0 | D:1      | Pimp the Barachi Venom Mage began the quest for the Orb.
     0 | D:1      | Reached XP level 1. HP: 13/13 MP: 3/3
   292 | D:1      | Reached XP level 2. HP: 16/19 MP: 0/5
   997 | D:2      | Reached XP level 3. HP: 22/24 MP: 6/6
  1026 | D:2      | Learned a level 2 spell: Poisonous Vapours
  1033 | D:2      | Found a runed translucent door.
  1034 | D:2      | Noticed Crazy Yiuf
  1062 | D:2      | Noticed Robin
  1419 | D:2      | Noticed Natasha
  1439 | D:2      | Slain by Natasha

Illustrated notes

Levels and vault maps discovered:
D:1:      zelgadis_glass_arrival_small, layout_rooms, serial_glass,
          glass_columns_b, glass_columns_b, grunt_decor_junction,
          roderic_lattice_a, dreamdust_wishing_well
D:2:      layout_loops_ring, uniq_terence, uniq_robin, uniq_crazy_yiuf_cottage,
          uniq_natasha

Skill      XL: |  1  2 |
---------------+-------+-----
Stealth        | 2 |  2.2
Fighting       | |  0.3
Short Blades   | |  0.1
Armour         | |  0.2
Dodging        | |  2.6
Spellcasting   | |  2.6
Transmutations | |  1.8
Air Magic      | |  0.4
Poison Magic   | |  3.6

Action                     || total
---------------------------++-------
  Melee: Unarmed           ||    19
         Short sword       ||    77
   Cast: Sting             ||    28
         Poisonous Vapours ||    11
    Use: Scroll            ||     4
         Potion            ||     1
   Stab: Sleeping          ||     3
 Armour: Robe              ||    35
  Dodge: Dodged            ||    91

Table legend: (Time is in decaauts)
 A = Elapsed time spent in this place.
 B = Non-inter-level travel time spent in this place.
 C = Inter-level travel time spent in this place.
 D = Time resting spent in this place.
 E = Time spent auto-exploring this place.
 F = Levels seen in this place.
 G = Mean time per level.
                   A        B        C        D        E       F      G
               +--------+--------+--------+--------+--------+-----+--------+
         Total |   1603 |   1579 |     24 |    248 |    902 |   2 |  801.5 |
       Dungeon |   1603 |   1579 |     24 |    248 |    902 |   2 |  801.5 |
               +--------+--------+--------+--------+--------+-----+--------+

Top non-repeatable levels by time:
     D:1: 1173 daAuts
     D:2: 430 daAuts
